 Dungeon Crawl Stone Soup version 0.31-a0-214-gb37851dbb3 (webtiles) character file.

Game seed: 15675308137391734716

1871767 Anon1729 the Executioner (level 24, 220/233 HPs)
             Began as a Minotaur Monk on July 1, 2023.
             Was a Believer of Ru.
             Escaped with the Orb
             ... and 3 runes!
             The game lasted 01:26:41 (54569 turns).

Anon1729 the Executioner (Minotaur Monk)           Turns: 54569, Time: 01:26:42

Health: 220/233    AC: 39    Str: 27    XL:     24   Next: 93%
Magic:  35/35      EV: 12    Int: 10    God:    Ru [**....]
Gold:   4947       SH:  0    Dex: 10    Spells: 23/23 levels left

rFire   + + +        O - +9 broad axe (elec)
rCold   + + +        d - orb {light}
rNeg    + . .        F - +12 gold dragon scales
rPois   +            (helmet restricted)
rElec   .            Z - scarf "Zadimito" {+Inv, rC++ rN+ rCorr}
rCorr   +            H - +1 pair of gloves of Disaster {Regen+}
SInv    +            r - +2 pair of boots {Fly}
Will    ++...        g - amulet of regeneration Stlth
                     J - ring "Ebrofyicw" {rF+++ Dex-4 SInv Stlth-}
HPRegen 2.18/turn    f - ring of Nacsip {rPois Will+ rCorr Int+3}
MPRegen 0.24/turn

%: clarity
@: corroded, flying, hasted, glowing, studying 7 skills, very quick
A: horns 2, inability to use devices, hated by all, no hexes magic, no poison
magic, no translocations magic, unskilled 2, inexperienced 1, retaliatory
headbutt, clarity, fire resistance 1, evolution 1
0: Orb of Zot
}: 3/15 runes: decaying, slimy, gossamer
a: Renounce Religion


You escaped.
You worshipped Ru.
Ru was pleased with you.
You visited 11 branches of the dungeon, and saw 52 of its levels.
You visited the Abyss 1 time.
You also visited: Trove, Bailey, Volcano and Wizlab.

You collected 9284 gold pieces.
You spent 4337 gold pieces at shops.

Inventory:

Hand Weapons
 O - a +9 broad axe of electrocution (weapon)
Armour
 d - an orb of light (worn)
 p - a +2 cloak of willpower
 r - a +2 pair of boots of flying (worn)
 F - +12 gold dragon scales (worn)
 H - the +1 pair of gloves of Disaster (worn) {Regen+}
   (You bought it in a shop on level 2 of the Orcish Mines)

   Regen:     It increases your rate of health regeneration.
 X - the +5 chain mail of Dramatic Exits {Regen+}
   (You found it on level 1 of the Elven Halls)

   Regen:     It increases your rate of health regeneration.
 Z - the scarf "Zadimito" (worn) {+Inv, rC++ rN+ rCorr}
   (You found it on level 4 of the Spider Nest)

   rC:        It greatly protects you from cold.
   rN:        It protects you from negative energy.
   rCorr:     It protects you from acid and corrosion.
Jewellery
 f - the ring of Nacsip (right hand) {rPois Will+ rCorr Int+3}
   (You found it on level 4 of the Vaults)

   [ring of willpower]

   Int:       It affects your intelligence (+3).
   rPois:     It protects you from poison.
   rCorr:     It protects you from acid and corrosion.
   Will:      It increases your willpower.
 g - an amulet of regeneration (around neck)
 i - the ring "Qubo" {rPois Dex+6}
   (You found it in a wizard's laboratory)

   [ring of dexterity]

   Dex:       It affects your dexterity (+6).
   rPois:     It protects you from poison.
 o - the ring "Vumpasch" {rCorr SInv Stlth+}
   (You found it on level 5 of the Pits of Slime)

   [ring of resist corrosion]

   SInv:      It lets you see invisible.
   rCorr:     It protects you from acid and corrosion.
   Stlth:     It makes you more stealthy.
 y - the ring of Idealism {Fly rN+ AC+4}
   (You found it on level 4 of the Dungeon)

   [ring of protection]

   AC:        It affects your AC (+4).
   rN:        It protects you from negative energy.
   Fly:       It grants you flight.
 A - the ring of Zyecsupo {Int+3 Slay+4}
   (You found it in a wizard's laboratory)

   [ring of slaying]

   Int:       It affects your intelligence (+3).
   Slay:      It affects your accuracy & damage with ranged weapons and melee
   (+4).
 E - a ring of protection from cold
 J - the ring "Ebrofyicw" (left hand) {rF+++ Dex-4 SInv Stlth-}
   (You bought it in a shop on level 2 of the Orcish Mines)

   [ring of see invisible]

   Dex:       It affects your dexterity (-4).
   rF:        It renders you almost immune to fire.
   SInv:      It lets you see invisible.
   Stlth:     It makes you less stealthy.
 P - a ring of protection from fire
 S - the ring "Hoqerypt" {Fire rElec Dex+2}
   (You found it in a wizard's laboratory)

   [ring of fire]

   It enhances your fire magic.
   Dex:       It affects your dexterity (+2).
   rF:        It protects you from fire.
   rC:        It makes you vulnerable to cold.
   rElec:     It insulates you from electricity.
Scrolls
 a - 8 scrolls of brand weapon
 e - 5 scrolls of torment
 n - 4 scrolls of enchant weapon
 s - 2 scrolls of enchant armour
 u - 11 scrolls of immolation
 w - 41 scrolls of teleportation
 C - 16 scrolls of fear
 D - 12 scrolls of poison
 K - 9 scrolls of revelation
 L - 7 scrolls of fog
 N - 6 scrolls of vulnerability
 U - 3 scrolls of silence
Potions
 b - 12 potions of enlightenment
 c - 16 potions of ambrosia
 h - 10 potions of attraction
 j - 7 potions of invisibility
 k - 13 potions of curing
 l - 12 potions of lignification
 m - 13 potions of mutation
 q - 5 potions of magic
 t - 5 potions of resistance
 v - 12 potions of cancellation
 G - 7 potions of heal wounds
 I - a potion of haste
 V - 7 potions of might
 Y - 2 potions of berserk rage


   Skills:
 + Level 22.5 Fighting
 + Level 22.6 Axes
 + Level 22.4 Armour
 - Level 17.7 Dodging
 + Level 19.2 Invocations
   Level 0.0 Evocations


You had 23 spell levels left.
You didn't know any spells.
Your spell library contained the following spells:

 Spells                   Type           Power      Damage    Failure   Level
 Beastly Appendage        Tmut           0%         N/A       98%         1
 Freeze                   Ice            0%         1d3       98%         1
 Kiss of Death            Conj/Necr      0%         2d5       98%         1
 Magic Dart               Conj           0%         1d3       98%         1
 Necrotise                Necr           0%         1d4       98%         1
 Sandblast                Erth           0%         2d4       98%         1
 Shock                    Conj/Air       0%         1d3       98%         1
 Passwall                 Tmut/Erth      0%         N/A       99%         2
 Searing Ray              Conj           0%         2d4       99%         2
 Static Discharge         Conj/Air       0%         2-2/arc   99%         2
 Wereblood                Tmut           0%         N/A       99%         2
 Frozen Ramparts          Ice            0%         1d1       100%        3
 Hailstorm                Conj/Ice       0%         3d3       100%        3
 Ozocubu's Armour         Ice            0%         N/A       100%        3
 Stone Arrow              Conj/Erth      0%         3d7       100%        3
 Swiftness                Air            0%         N/A       100%        3
 Airstrike                Air            0%         2d(0-16)  100%        4
 Ice Form                 Ice/Tmut       0%         N/A       100%        4
 Petrify                  Tmut/Erth      0%         N/A       100%        4
 Arcjolt                  Conj/Air       0%         1d10      100%        5
 Blade Hands              Tmut           0%         N/A       100%        5
 Borgnjor's Vile Clutch   Necr/Erth      0%         N/A       100%        5
 Fireball                 Conj/Fire      0%         3d3       100%        5
 Freezing Cloud           Conj/Ice/Air   0%         6-21      100%        5
 Irradiate                Conj/Tmut      0%         3d11      100%        5
 Iskenderun's Battlesphe  Conj           0%         2d6       100%        5
 Lee's Rapid Deconstruct  Erth           0%         3d4*      100%        5
 Conjure Ball Lightning   Conj/Air       0%         3x3d6     100%        6
 Plasma Beam              Fire/Air       0%         2x1d10    100%        6
 Dragon Form              Tmut           0%         N/A       100%        7
 Orb of Destruction       Conj           0%         9d5       100%        7
 Ozocubu's Refrigeration  Ice            0%         4d7       100%        7
 Storm Form               Tmut/Air       0%         N/A       100%        7
 Ignition                 Fire           0%         3d3       100%        8
 Lehudib's Crystal Spear  Conj/Erth      0%         10d2      100%        8
 Chain Lightning          Conj/Air       0%         N/A       100%        9
 Apportation              Tloc           Unusable   N/A       N/A         1
 Summon Small Mammal      Summ           Unusable   N/A       N/A         1
 Blink                    Tloc           Unusable   N/A       N/A         2
 Call Imp                 Summ           Unusable   N/A       N/A         2
 Cigotuvi's Dreadful Rot  Necr/Pois/Air  Unusable   N/A       N/A         2
 Ensorcelled Hibernation  Hex/Ice        Unusable   N/A       N/A         2
 Poisonous Vapours        Pois/Air       Unusable   N/A       N/A         2
 Call Canine Familiar     Summ           Unusable   N/A       N/A         3
 Ignite Poison            Fire/Tmut/Pois Unusable   N/A       N/A         3
 Mephitic Cloud           Conj/Pois/Air  Unusable   N/A       N/A         3
 Portal Projectile        Hex/Tloc       Unusable   N/A       N/A         3
 Spider Form              Tmut/Pois      Unusable   N/A       N/A         3
 Vhi's Electric Charge    Tloc/Air       Unusable   N/A       N/A         3
 Volatile Blastmotes      Fire/Tloc      Unusable   2d10      N/A         3
 Anguish                  Hex/Necr       Unusable   N/A       N/A         4
 Cause Fear               Hex            Unusable   N/A       N/A         4
 Fulminant Prism          Conj/Hex       Unusable   3d5       N/A         4
 Iskenderun's Mystic Bla  Conj/Tloc      Unusable   2d3       N/A         4
 Manifold Assault         Tloc           Unusable   N/A       N/A         4
 Olgreb's Toxic Radiance  Pois           Unusable   N/A       N/A         4
 Alistair's Intoxication  Tmut/Pois      Unusable   N/A       N/A         5
 Summon Forest            Summ/Tloc      Unusable   N/A       N/A         5
 Eringya's Noxious Bog    Tmut/Pois      Unusable   N/A       N/A         6
 Simulacrum               Ice/Necr       Unusable   N/A       N/A         6
 Summon Hydra             Summ           Unusable   N/A       N/A         7
 Discord                  Hex            Unusable   N/A       N/A         8
 Dragon's Call            Summ           Unusable   N/A       N/A         9

Dungeon Overview and Level Annotations

Branches:
Dungeon (15/15)            Temple (1/1) D:7            Lair (5/5) D:8
  Swamp (4/4) Lair:2       Spider (4/4) Lair:2        Slime (5/5) Lair:4
    Orc (2/2) D:10            Elf (3/3) Orc:2        Vaults (4/5) D:13
  Crypt (0/3) Vaults:2     Depths (4/4) D:15            Zot (5/5) Depths:4
 Bailey (visited)         Volcano (visited)          WizLab (visited)

Altars:
Ashenzari
Cheibriados
Dithmenos
Elyvilon
Gozag
Okawaru
Qazlal
Ru
Sif Muna
Uskayaw
Wu Jian
Zin
The Shining One
Lugonu

Shops:
D:10 *(*   D:13 ?   Orc:2 [:(=[*[*   Depths:1 (   Depths:2 !   Depths:3 ?*

Portals:
Hell: Depths:1 Depths:2 Depths:3 Depths:4
Abyss: Lair:5 Depths:3 Depths:4
Pandemonium: Depths:2
Ziggurat: Depths:1

Annotations:
Elf:1 3 runed translucent doors, Gruesome's ghost, adept TrFi


Innate Abilities, Weirdness & Mutations

You have a pair of horns on your head.
You cannot study or use magical devices.
You are hated by all.
You cannot study or cast Hexes magic.
You cannot study or cast Poison magic.
You cannot study or cast Translocations magic.
You are unskilled. (-2 Apt)
You are somewhat inexperienced. (-1 XL)
You reflexively headbutt those who attack you in melee.
You possess an exceptional clarity of mind.
Your flesh is heat resistant. (rF+)
You have hidden genetic potential.


Message History

(Z) Zot
Where to? (Enter - D:1 @ (x,y), ? - help) HP restored.
A cacodemon and a sixfirhy come into view.
Okay, then.
You feel yourself speed up.
The cacodemon begins to attack, but is stunned by your conviction!
The cacodemon gestures next to the sixfirhy.
Some rock shatters into small pieces.
You hear a grinding noise.
The sixfirhy closely misses you. The sixfirhy misses you.
You hear a grinding noise.
The sixfirhy hits you but does no damage.
You hear a grinding noise.
The sixfirhy hits you. The sixfirhy shocks you!
Downep comes into view.
Downep says, "Crawl home whilst thy luck holds!"
The sixfirhy hits you. The sixfirhy shocks you!
A crimson imp comes into view.
A lich comes into view.
The sixfirhy attacks as you move away! The sixfirhy closely misses you.
A rust devil comes into view.
The rust devil screeches!
The sixfirhy hits you but does no damage.
Press: ? - help, v - describe, . - travel
Here: Downep (water, haloed) Some deep water.
Okay, then.
Blink to where?
Press: ? - help, Dir - move target
As you read the scroll of blinking, it crumbles to dust.
The lich mumbles some strange words.
The lich flickers and vanishes for a moment.
The rust devil hits you. The rust devil corrodes you!
You redirect the crimson imp's attack!
The crimson imp blinks!
There is a staircase leading out of the dungeon here.
You can't go down here!
Unknown command.
You have escaped!

.......#.#
#.......#..#####..#.#
.......#.# #.#######..#
#...... .......#.# #.#
#..# #..##### .......#.#
#.# #..##.. ########.#
#.# #..#.########
#.####.# #............
#......#####
#...#########
###.####...#
#...#........ #.#
##.@.###...#.#######
#.###....#.#...#.#
#..##&####.#...#.#######
##.##..&...#3..#.#..)...
#....§.≈≈.§...#.#######
#......≈≈..5..#.#
#...........###.#
#..#######....#.# ####
###.##.#


You could see Downep.

Vanquished Creatures
  the Royal Jelly (Slime:5)
  6 dread liches
  3 ancient liches
  4 orbs of fire
  Mara (Vaults:3)
  Josephina (Zot:1)
  Saint Roka (Orc:2)
  9 Killer Klowns
  Bai Suzhen (Elf:3)
  7 curse toes
  9 golden dragons
  A caustic shrike (Depths:4)
  2 bone dragons
  4 electric golems
  Arachne (Spider:2)
  12 tentacled monstrosities
  2 Brimstone Fiends
  27 Orb Guardians
  Mlioglotl (Spider:2)
  5 liches
  The ghost of Kiklext the Draconian Blade, an adept DrWr of Trog (Swamp:3)
  2 deep elf master archers (Elf:3)
  A moon troll (WizLab)
  2 titans
  2 deep elf blademasters (Elf:3)
  A walking earthen tome (Depths:3)
  9 acid blobs
  9 tentacled starspawn
  7 quicksilver dragons
  7 death cobs
  11 storm dragons
  3 sphinxes
  9 shadow dragons
  Agnes (Spider:3)
  3 tengu reavers
  Donald (Spider:1)
  The ghost of Gakhut the Fencer, an adept BaGl of Gozag (Spider:2)
  4 rockslimes
  11 azure jellies
  The ghost of Eluimmog the Warrior, a journeyman MiBe of Trog (Depths:4)
  A draconian monk (Zot:3)
  7 emperor scorpions
  3 frost giants
  6 draconian scorchers
  7 fire giants
  4 ghost moths
  5 draconian knights
  12 vault wardens
  6 deep elf sorcerers
  Aizul (Vaults:1)
  4 iron dragons
  3 ghouls (Swamp:4)
  2 cacodemons
  A balrug (Depths:3)
  4 deep elf elementalists (Elf:3)
  5 draconian shifters
  7 draconian stormcallers
  23 ironbound preservers
  2 spriggan defenders
  13 quicksilver oozes
  A quicksilver ooze (shapeshifter) (Lair:5)
  6 formless jellyfish
  6 draconian annihilators
  2 war gargoyles
  14 ironbound thunderhulks
  21 stone giants
  Nessos (Lair:3)
  11 very ugly things
  6 vampire knights
  5 broodmothers
  11 dire elephants
  5 deep elf demonologists (Elf:3)
  7 deep elf annihilators
  12 green draconians
  10 yellow draconians
  12 black draconians
  3 eleionomae
  The ghost of Cosiarut the Spry, a journeyman FeSu of Gozag (Spider:1)
  3 bunyips
  5 spark wasps
  9 purple draconians
  11 white draconians
  14 red draconians
  A blizzard demon (D:1)
  8 deep elf death magi
  Snorg (Lair:3)
  5 crystal guardians
  7 ettins
  A merfolk impaler (Depths:1)
  7 fire dragons
  3 rakshasas
  2 jiangshi (Depths:1)
  3 deep elf high priests
  Fannar (D:10)
  11 ice dragons
  7 vault guards
  7 entropy weavers
  A ghost crab (Swamp:2)
  23 great orbs of eyes
  11 yaktaur captains
  A jorogumo (Spider:3)
  A juggernaut simulacrum (Depths:4)
  8 hydras
  2 catoblepae
  2 ogre magi
  3 spriggan air magi
  3 peacekeepers
  2 radroaches
  13 two-headed ogres
  9 ironbound frosthearts
  11 centaur warriors
  20 dancing weapons
  7 alligators
  3 deep troll shamans
  12 boulder beetles
  4 tengu warriors
  6 hell hogs
  8 death scarabs (Spider:4)
  A vampire mage (Vaults:2)
  4 death yaks (Lair:5)
  3 thrashing horrors (Lair:5)
  An orc high priest (Elf:2)
  A deep troll earth mage (Depths:4)
  3 spriggan berserkers
  12 demonic crawlers
  A sun demon (Volcano)
  A spectral emperor scorpion (Spider:2)
  3 wretched stars (Abyss:2)
  3 hell knights (Depths:4)
  14 deep elf knights
  3 skysharks
  6 soul eaters
  Sonja (Lair:5)
  A sixfirhy (Zot:3)
  7 iron trolls
  A goliath frog (Swamp:4)
  A shadow wraith (Vaults:4)
  A quicksilver dragon simulacrum (Zot:1)
  5 pharaoh ants
  9 skeletal warriors
  An orange crystal statue (WizLab)
  36 deep trolls
  9 glowing orange brains
  6 spriggan druids
  5 bog bodies
  3 flayed ghosts
  16 ironbound convokers
  A swamp dragon (Swamp:2)
  10 orb spiders
  4 spectral wolf spiders
  A spectral jorogumo (Spider:4)
  2 obsidian statues
  9 deep elf archers
  5 necromancers
  9 wizards
  12 steelbarb worms
  4 orc knights
  2 phantasmal warriors
  18 deep elf zephyrmancers
  6 lindwurms
  26 deep elf pyromancers
  A fenstrider witch simulacrum (Swamp:3)
  24 ugly things
  21 harpies
  3 orc sorcerers
  A frost giant zombie (D:15)
  21 wolf spiders
  4 oklob plants
  5 manticores
  3 will-o-the-wisps
  24 cyclopes
  5 spectral spriggans (Swamp:3)
  7 shining eyes
  Maurice (D:10)
  10 elephants
  A fire giant skeleton (D:15)
  A moth of wrath (shapeshifter) (Lair:5)
  38 moths of wrath
  2 black mambas (Lair:2)
  A gargoyle (D:11)
  An ice statue (D:15)
  9 torpor snails
  A torpor snail (shapeshifter) (D:14)
  A frost giant skeleton (D:15)
  Joseph (D:8)
  14 vault sentinels
  4 orange demons
  5 eyes of devastation
  8 smoke demons
  Psyche (D:8)
  13 cane toads
  An emperor scorpion simulacrum (Spider:2)
  4 spectral redbacks (Spider:4)
  2 unseen horrors
  5 freezing wraiths
  3 rime drakes
  An ice devil (Depths:3)
  16 yaktaurs
  12 komodo dragons
  2 spectral death drakes (Swamp:3)
  A ghost moth simulacrum (Spider:2)
  2 redback zombies (Spider:4)
  A red devil (Volcano)
  A tengu conjurer (D:13)
  A merfolk (shapeshifter) (Elf:1)
  3 ancient zymes
  8 trolls
  A bloated husk (Swamp:3)
  25 tarantellas
  A meliai (shapeshifter) (Lair:5)
  4 spectral tarantellas (Spider:4)
  A moth of wrath zombie (Zot:4)
  A wolf spider simulacrum (Spider:2)
  5 tyrant leeches
  11 hornets
  17 blink frogs
  3 dream sheep (Lair:5)
  A tarantella zombie (Spider:4)
  A culicivora zombie (Spider:4)
  A raiju (Abyss:2)
  3 spectral jumping spiders (Spider:4)
  2 jumping spider zombies (Spider:4)
  2 draconian simulacra (Zot:1)
  4 wraiths
  19 culicivoras
  An ettin skeleton (D:15)
  69 slime creatures
  14 spriggans
  3 shadows
  A ynoxinul (Abyss:2)
  4 air elementals
  24 jumping spiders
  6 wyverns
  A basilisk (shapeshifter) (Elf:1)
  Eustachio (D:5)
  5 water elementals
  45 yaks
  4 basilisks
  4 fire bats (Volcano)
  5 large abominations
  A chaos spawn (Lair:5)
  4 golden eyes (WizLab)
  2 fire elementals
  38 vampire mosquitoes
  4 wargs
  62 redbacks
  3 swamp worm simulacra (Swamp:4)
  A steam dragon (Lair:3)
  13 swamp worms
  A death drake simulacrum (Swamp:3)
  13 hydra simulacra (Swamp:4)
  15 water moccasins
  2 ice beasts
  A moth of wrath simulacrum (Zot:1)
  2 swamp drakes
  41 orc warriors
  20 ogres
  A black bear (D:7)
  6 small abominations (Lair:5)
  A spriggan simulacrum (Swamp:3)
  A black bear (shapeshifter) (Depths:4)
  2 sky beasts
  28 wolves
  9 starcursed masses
  A boggart (Vaults:1)
  16 centaurs
  2 kobold brigands
  A phantom (D:4)
  9 bullfrogs
  2 entropy weaver simulacra (Spider:2)
  2 necrophages (Swamp:4)
  A gnoll sergeant (D:6)
  4 earth elementals
  9 scorpions
  4 wights (D:8)
  5 killer bees (D:8)
  6 howler monkeys
  6 lava snakes (Volcano)
  30 orc priests
  5 hounds
  7 jellies
  2 gnoll boudas (D:4)
  Jessica (D:2)
  4 iguanas
  2 sleepcaps
  Terence (D:2)
  6 hell rats (Lair:5)
  25 orc wizards
  Natasha (thrice) (D:2)
  Robin (D:2)
  21 gnolls
  5 adders
  2 shadow imps
  3 white imps
  5 swamp drake simulacra (Swamp:4)
  2 ufetubi
  A worm (D:4)
  3 dart slugs
  94 orcs
  6 endoplasms
  3 giant cockroaches
  22 goblins
  16 hobgoblins
  2 jackals (D:2)
  5 quokkas
  3 ball pythons
  9 bats
  3 frilled lizards (D:1)
  25 kobolds
  2 rats (D:1)
  A butterfly (Depths:1)
  11 starspawn tentacles (WizLab)
2210 creatures vanquished.

Vanquished Creatures (others)
  A deep elf blademaster (Elf:3)
  A tentacled starspawn (WizLab)
  2 storm dragons
  A draconian monk (Zot:2)
  A draconian knight (Zot:2)
  A deep elf sorcerer (Elf:3)
  A draconian shifter (Zot:4)
  A war gargoyle (Vaults:1)
  A vampire knight (Depths:4)
  A stone giant (Depths:1)
  An eleionoma (Swamp:4)
  A spark wasp (Depths:3)
  An entropy weaver (Spider:3)
  A deep elf high priest (Elf:3)
  3 hydras
  A peacekeeper (Vaults:2)
  A jorogumo (Spider:4)
  2 dancing weapons
  An alligator (Swamp:2)
  A vampire mage (Depths:1)
  2 deep elf knights
  A hell knight (Depths:4)
  2 deep trolls
  A sun moth (Spider:2)
  An ironbound convoker (Vaults:2)
  A deep elf pyromancer (Elf:2)
  A harpy (Vaults:4)
  A large abomination (Abyss:2)
  Maggie (D:8)
  A storm dragon simulacrum (Zot:1)
  A yaktaur (Vaults:4)
  2 rime drakes
  2 bloated husks
  A tyrant leech (Swamp:4)
  A blink frog (Lair:5)
  2 slime creatures
  3 spriggans
  A culicivora (Spider:3)
  A wyvern (Lair:4)
  A redback (Spider:4)
  2 swamp worms (Lair:2)
  A water moccasin (Lair:2)
  A hydra simulacrum (Swamp:4)
  3 orcs
  16 foxfires
  16 starspawn tentacles
90 creatures vanquished.

Grand Total: 2300 creatures vanquished

Notes
Turn   | Place    | Note
-------+----------+-------------------------------------------
     0 | D:1      | Anon1729 the Minotaur Monk began the quest for the Orb.
     0 | D:1      | Reached XP level 1. HP: 19/19 MP: 0/0
   304 | D:1      | Reached XP level 2. HP: 21/27 MP: 1/1
   455 | D:1      | Reached skill level 1 in Armour
   589 | D:1      | Reached skill level 1 in Invocations
   589 | D:1      | Reached XP level 3. HP: 27/33 MP: 2/2
  1045 | D:2      | Noticed Natasha
  1050 | D:2      | Killed Natasha
  1051 | D:2      | Reached XP level 4. HP: 39/40 MP: 2/4
  1143 | D:2      | Identified the +1 helmet "Anle" {Fly rC++ Regen+ Dex-2}
  1143 | D:2      | Noticed Robin
  1155 | D:2      | Killed Robin
  1167 | D:2      | Found an opulent altar of Gozag.
  1202 | D:2      | Noticed Terence
  1207 | D:2      | Killed Terence
  1270 | D:2      | Noticed Natasha
  1277 | D:2      | Killed Natasha
  1278 | D:2      | Reached XP level 5. HP: 47/47 MP: 5/5
  1633 | D:2      | Noticed Jessica
  1637 | D:2      | Killed Jessica
  1692 | D:2      | Noticed Natasha
  1698 | D:2      | Killed Natasha
  1860 | D:3      | Found a shimmering blue altar of Sif Muna.
  2417 | D:3      | Reached XP level 6. HP: 52/55 MP: 6/6
  2557 | D:3      | Found a faded altar of an unknown god.
  2591 | D:4      | Identified the ring of Idealism {Fly rN+ AC+4}
  2633 | D:4      | Reached skill level 5 in Fighting
  2685 | D:4      | Reached skill level 5 in Axes
  2736 | D:4      | Found a broken altar of Ashenzari.
  3019 | D:4      | Reached XP level 7. HP: 61/61 MP: 8/8
  3143 | D:4      | Reached skill level 5 in Dodging
  3208 | D:4      | Found a basalt altar of Yredelemnul.
  3633 | D:5      | Entered Level 5 of the Dungeon
  3835 | D:5      | Reached XP level 8. HP: 70/70 MP: 9/9
  3926 | D:5      | Reached skill level 5 in Armour
  3969 | D:5      | Noticed Eustachio
  3988 | D:5      | Killed Eustachio
  4021 | D:5      | Found a hide-covered altar of Uskayaw.
  4102 | D:5      | Identified the +2 leather armour "Zeigg" {rCorr}
  4189 | D:5      | Found a sacrificial altar of Ru.
  4198 | D:5      | Became a worshipper of Ru the Awakened
  4205 | D:5      | Gained mutation: You are hated by all. [Ru sacrifice]
  4205 | D:5      | Reached * piety under Ru
  4652 | D:6      | Reached skill level 5 in Invocations
  4725 | D:6      | Reached XP level 9. HP: 79/79 MP: 11/11
  5992 | D:7      | Found a staircase to the Ecumenical Temple.
  6008 | Temple   | Entered the Ecumenical Temple
  6055 | D:7      | Gained mutation: You are somewhat inexperienced. (-1 XL)
                  | [Ru sacrifice]
  6055 | D:7      | Reached XP level 8. HP: 74/74 MP: 11/11
  6055 | D:7      | Reached ** piety under Ru
  6055 | D:7      | Reached *** piety under Ru
  6453 | D:8      | Noticed Maggie
  6466 | D:8      | Killed Maggie
  6487 | D:8      | Noticed a manticore
  6513 | D:8      | Killed a manticore
  6514 | D:8      | Reached XP level 9. HP: 32/82 MP: 12/12
  6688 | D:8      | Found a staircase to the Lair.
  6718 | D:8      | Noticed Joseph
  6740 | D:8      | Killed Joseph
  6768 | D:8      | Found a stormy altar of Qazlal.
  7001 | D:8      | Noticed Psyche
  7029 | D:8      | Killed Psyche
  7168 | D:9      | Found an ornate altar of the Wu Jian Council.
  7450 | D:9      | Found a glowing golden altar of the Shining One.
  7573 | D:9      | Found a shadowy altar of Dithmenos.
  7648 | D:9      | Noticed a two-headed ogre
  7651 | D:9      | Noticed a two-headed ogre
  7656 | D:9      | Killed a two-headed ogre
  7665 | D:9      | Killed a two-headed ogre
  7777 | D:9      | Reached XP level 10. HP: 93/93 MP: 14/14
  8044 | D:10     | Entered Level 10 of the Dungeon
  8064 | D:10     | Found a staircase to the Orcish Mines.
  8104 | D:10     | Found an iron altar of Okawaru.
  8142 | D:10     | Found a flagged portal.
  8155 | Bailey   | Entered a bailey
  8156 | Bailey   | Gained mutation: You cannot study or cast Poison magic. [Ru
                  | sacrifice]
  8156 | Bailey   | Gained mutation: You cannot study or cast Hexes magic. [Ru
                  | sacrifice]
  8156 | Bailey   | Gained mutation: You cannot study or cast Translocations
                  | magic. [Ru sacrifice]
  8156 | Bailey   | Reached **** piety under Ru
  8191 | Bailey   | Reached skill level 10 in Axes
  8304 | Bailey   | Reached skill level 10 in Fighting
  8448 | Bailey   | Got the Octavo of Chilly Blasts
  8513 | D:10     | Found Etumeil's General Store.
  8514 | D:10     | Found Bupt's Antique Weapon Boutique.
  8517 | D:10     | Bought a scroll of teleportation for 42 gold pieces
  8563 | D:10     | Noticed Maurice
  8564 | D:10     | Paralysed by Maurice for 5 turns
  8573 | D:10     | Paralysed by Maurice for 5 turns
  8584 | D:10     | Killed Maurice
  8701 | D:10     | Found Mairo's Assorted Antiques.
  8733 | D:10     | Bought a scroll labelled ENILIH IWIPHEN for 34 gold pieces
  8733 | D:10     | Bought a scroll labelled LAYFUY IKLIDY for 34 gold pieces
  8733 | D:10     | Bought a black potion for 30 gold pieces
  8733 | D:10     | Bought a brown potion for 30 gold pieces
  8843 | D:10     | Found a glowing silver altar of Zin.
  8951 | D:10     | Noticed Fannar
  8968 | D:10     | Killed Fannar
  9164 | D:11     | Reached skill level 10 in Armour
  9230 | D:11     | Reached skill level 10 in Dodging
  9353 | D:11     | Noticed a two-headed ogre
  9362 | D:11     | Killed a two-headed ogre
  9363 | D:11     | Reached XP level 11. HP: 91/102 MP: 16/16
  9386 | D:11     | Noticed a boulder beetle
  9419 | D:11     | Killed a boulder beetle
  9523 | D:11     | Noticed a two-headed ogre
  9539 | D:11     | Killed a two-headed ogre
  9767 | D:11     | Gained mutation: You are somewhat unskilled. (-1 Apt) [Ru
                  | sacrifice]
  9767 | D:11     | Reduced skill Fighting to level 10
  9767 | D:11     | Reduced skill Axes to level 10
  9767 | D:11     | Reduced skill Armour to level 10
  9767 | D:11     | Reached ***** piety under Ru
  9789 | D:11     | Noticed a two-headed ogre
  9797 | D:11     | Killed a two-headed ogre
  9803 | D:11     | Reached skill level 10 in Dodging
  9830 | D:11     | You are sucked into a shaft and drop 3 floors!
  9925 | D:14     | Noticed a centaur warrior
  9936 | D:14     | Killed a centaur warrior
 10116 | D:14     | Noticed a two-headed ogre
 10117 | D:14     | Noticed a two-headed ogre
 10122 | D:14     | Killed a two-headed ogre
 10125 | D:14     | Killed a two-headed ogre
 10561 | D:14     | Reached XP level 12. HP: 109/110 MP: 17/17
 11161 | D:13     | Found a gate to the Vaults.
 11386 | D:13     | Found Tedwisma's Magic Scroll Boutique.
 11390 | D:13     | Bought 2 scrolls of identify for 72 gold pieces
 11394 | D:13     | Bought a scroll of identify for 36 gold pieces
 11394 | D:13     | Bought 2 scrolls of identify for 72 gold pieces
 11398 | D:13     | Bought a scroll of brand weapon for 171 gold pieces
 11398 | D:13     | Bought a scroll of enchant weapon for 135 gold pieces
 11398 | D:13     | Bought a scroll of enchant weapon for 135 gold pieces
 11523 | D:13     | Found a portal to a secret trove of treasure.
 11845 | D:15     | Entered Level 15 of the Dungeon
 11907 | D:15     | Found a staircase to the Depths.
 12468 | D:12     | Reached skill level 10 in Invocations
 13093 | D:11     | Noticed a stone giant
 13112 | D:11     | Killed a stone giant
 13203 | D:11     | Identified the +4 spear of Enink {heavy, rElec rPois rF-
                  | rN+}
 13204 | D:11     | Identified the +10 arbalest "Syzeih" {freeze, rF+}
 13221 | D:11     | Identified the +4 rapier of Gigat {heavy, rC+ Str+4}
 13227 | D:11     | Identified the +1 sling "Zaeci" {flame, rPois}
 13229 | D:11     | Identified the +9 spear of Dailoed {freeze, Fragile rCorr
                  | Dex+3}
 13458 | Lair:1   | Entered Level 1 of the Lair of Beasts
 13630 | Lair:1   | Reached XP level 13. HP: 85/119 MP: 19/19
 14201 | Lair:2   | Found a hole to the Spider Nest.
 14421 | Lair:2   | Reached skill level 1 in Evocations
 15305 | Lair:2   | Found a staircase to the Swamp.
 15849 | Lair:3   | Noticed Nessos
 15858 | Lair:3   | Killed Nessos
 15978 | Lair:3   | Noticed Snorg
 15992 | Lair:3   | Killed Snorg
 16940 | Lair:4   | Found a staircase to the Slime Pits.
 17388 | Lair:5   | Entered Level 5 of the Lair of Beasts
 17629 | Lair:5   | Reached XP level 14. HP: 62/129 MP: 21/21
 17682 | Lair:5   | Noticed Sonja
 17683 | Lair:5   | Gained mutation: You cannot study or use magical devices.
                  | [Ru sacrifice]
 17683 | Lair:5   | Reached ****** piety under Ru
 17708 | Lair:5   | Killed Sonja
 18699 | Lair:5   | Found a corrupted altar of Lugonu.
 18699 | Lair:5   | Found a one-way gate to the infinite horrors of the Abyss.
 19008 | Orc:1    | Entered Level 1 of the Orcish Mines
 19100 | Orc:1    | Found a dark tunnel.
 19154 | Volcano  | Entered a volcano
 19382 | Volcano  | Found a burning altar of Makhleb.
 19709 | Orc:2    | Entered Level 2 of the Orcish Mines
 19712 | Orc:2    | Found Haefrey's Antique Armour Boutique.
 19767 | Orc:2    | Found a staircase to the Elven Halls.
 19773 | Orc:2    | Bought an embroidered cloak for 210 gold pieces
 20043 | Orc:2    | Found Gumimock's Antique Weapon Boutique.
 20043 | Orc:2    | Noticed Saint Roka
 20070 | Orc:2    | Killed Saint Roka
 20076 | Orc:2    | Found Caasisch's Antique Armour Shop.
 20142 | Orc:2    | Bought a pair of embroidered boots for 195 gold pieces
 20148 | Orc:2    | Bought a faintly glowing battleaxe for 333 gold pieces
 20148 | Orc:2    | Identified the +5 battleaxe of the Lame Duck {venom, Dex+2
                  | Stlth+} (You bought it in a shop on level 2 of the Orcish
                  | Mines)
 20190 | Orc:2    | Found Tisapom's Armour Boutique.
 20196 | Orc:2    | Bought the +1 pair of gloves of Disaster {Regen+} for 247
                  | gold pieces
 20248 | Orc:2    | Found Dufydoin's Jewellery Shoppe.
 20259 | Orc:2    | Bought the ring "Ebrofyicw" {rF+++ Dex-4 SInv Stlth-} for
                  | 613 gold pieces
 20484 | Orc:2    | Found Hoske's General Store.
 20524 | Orc:2    | Found Gatoov's General Store.
 20528 | Orc:2    | Bought a potion of resistance for 170 gold pieces
 20593 | Orc:2    | Found Xoismuos's Book Shop.
 21195 | D:15     | Reached XP level 15. HP: 139/139 MP: 23/23
 21622 | Elf:1    | Entered Level 1 of the Elven Halls
 21897 | Elf:1    | Got Haeddin's Spellbook of Blows and the Flock
 21917 | Elf:1    | Paralysed by an air elemental for 1 turns
 21957 | Elf:1    | Identified the +5 chain mail of Dramatic Exits {Regen+}
 22251 | Elf:1    | Identified the +6 scale mail of Nirrugef {rPois rF- Will+
                  | rCorr}
 22282 | Elf:1    | Reached skill level 15 in Fighting
 22282 | Elf:1    | Reached skill level 15 in Axes
 22527 | Elf:1    | Found a runed translucent gate.
 22527 | Elf:1    | Found a runed translucent gate.
 22527 | Elf:1    | Found a runed translucent gate.
 22530 | Elf:1    | Noticed Gruesome's ghost (adept TrFi)
 22530 | Elf:1    | Noticed an acid blob
 22738 | Elf:2    | Paralysed by an air elemental for 1 turns
 22831 | Elf:2    | Paralysed by an air elemental for 1 turns
 22836 | Elf:2    | Paralysed by an air elemental for 1 turns
 22859 | Elf:2    | Paralysed by an air elemental for 1 turns
 22865 | Elf:2    | Paralysed by an air elemental for 1 turns
 23035 | Elf:2    | Found a runed translucent gate.
 23035 | Elf:2    | Found a runed translucent gate.
 23037 | Elf:2    | Found a runed translucent gate.
 23364 | Elf:2    | Reached skill level 15 in Armour
 23788 | Elf:3    | Entered Level 3 of the Elven Halls
 23865 | Elf:3    | Noticed Bai Suzhen
 23881 | Elf:3    | Killed Bai Suzhen
 24137 | Elf:3    | Noticed a deep elf blademaster
 24140 | Elf:3    | Reached XP level 16. HP: 89/141 MP: 24/24
 24147 | Elf:3    | Killed a deep elf blademaster
 24230 | Elf:3    | Noticed a deep elf master archer
 24243 | Elf:3    | Killed a deep elf master archer
 24686 | Elf:3    | Noticed a deep elf blademaster
 24711 | Elf:3    | Killed a deep elf blademaster
 24890 | Abyss:2  | Cast into level 2 of the Abyss (a deep elf demonologist)
 24925 | Abyss:2  | Noticed a bone dragon
 24957 | Abyss:2  | Killed a bone dragon
 25056 | Abyss:2  | Noticed a lich
 25067 | Abyss:2  | Killed a lich
 25238 | Abyss:2  | Reached skill level 15 in Dodging
 25247 | Abyss:2  | Noticed a lich
 25257 | Abyss:2  | Killed a lich
 25282 | Elf:3    | Escaped the Abyss
 25310 | Elf:3    | Noticed a deep elf master archer
 25318 | Elf:3    | Killed a deep elf master archer
 25466 | Elf:3    | Paralysed by a deep elf zephyrmancer for 5 turns
 25467 | Elf:3    | Noticed a Brimstone Fiend
 25923 | Elf:3    | Noticed a deep elf blademaster
 25936 | Elf:3    | Killed a deep elf blademaster
 26211 | Spider:1 | Entered Level 1 of the Spider Nest
 26211 | Spider:1 | Noticed Cosiarut's ghost (journeyman FeSu)
 26211 | Spider:1 | Found a runed translucent door.
 26465 | Spider:1 | Killed Cosiarut's ghost
 26532 | Spider:1 | Got Piod's Secrets of Interference and Inhalation
 26535 | Spider:1 | Identified the +11 glaive "Uwopsuah" {freeze, rPois Will+}
 26579 | Spider:1 | Noticed Donald
 26594 | Spider:1 | Killed Donald
 26683 | Spider:1 | Reached XP level 17. HP: 160/160 MP: 26/26
 26956 | Spider:2 | Identified the +9 lajatang of Dishonour {venom, rN+}
 27007 | Spider:2 | Found a transporter.
 27007 | Spider:2 | Noticed Gakhut's ghost (adept BaGl)
 27134 | Spider:2 | Identified the +9 dagger "Giantbane" {heavy, rElec rPois
                  | Dex+2}
 27137 | Spider:2 | Found a transporter.
 27425 | Spider:2 | Noticed Arachne
 27434 | Spider:2 | Killed Arachne
 27920 | Spider:2 | Killed Gakhut's ghost
 28114 | Spider:3 | Identified a scroll of acquirement
 28240 | Spider:3 | Paralysed by a jorogumo for 3 turns
 28457 | Spider:3 | Noticed Agnes
 28466 | Spider:3 | HP: 4/136 [Agnes/+2 lajatang of electrocution (11)]
 28480 | Spider:3 | Killed Agnes
 28505 | Spider:3 | Noticed Mlioglotl
 28549 | Spider:2 | Killed Mlioglotl
 29353 | Spider:4 | Entered Level 4 of the Spider Nest
 29382 | Spider:4 | Identified the +4 whip of Vyogiem {freeze, rElec rF+ rC+}
 30131 | Spider:4 | Reached XP level 18. HP: 167/168 MP: 28/28
 30513 | Spider:4 | Got a gossamer rune of Zot
 30519 | Spider:4 | Identified the scarf "Zadimito" {+Inv, rC++ rN+ rCorr}
 30742 | Swamp:1  | Entered Level 1 of the Swamp
 31515 | Swamp:2  | Reached skill level 15 in Invocations
 32091 | Swamp:2  | Acquired 904 gold pieces
 32404 | Swamp:3  | Found a runed translucent gate.
 32404 | Swamp:3  | Found a runed translucent gate.
 32404 | Swamp:3  | Found a runed translucent gate.
 32404 | Swamp:3  | Noticed Kiklext's ghost (adept DrWr)
 32770 | Swamp:3  | Killed Kiklext's ghost
 32862 | Swamp:4  | Entered Level 4 of the Swamp
 33357 | Swamp:4  | Got a decaying rune of Zot
 33545 | Swamp:4  | Got Piaqef's Treatise on Smouldering Profane Mysteries
 33930 | Vaults:1 | Entered Level 1 of the Vaults
 34156 | Vaults:1 | Noticed Aizul
 34171 | Vaults:1 | Killed Aizul
 34204 | Vaults:1 | Reached XP level 19. HP: 64/180 MP: 22/29
 34786 | Vaults:1 | You are sucked into a shaft and drop 1 floor!
 35948 | Vaults:2 | Found a staircase to the Crypt.
 36136 | Vaults:3 | Found a runed translucent door.
 36136 | Vaults:3 | Found the +10 Black Knight's barding {ponderous, rPois rN+}
 36207 | Vaults:3 | Noticed Mara
 36218 | Vaults:3 | Killed Mara
 36652 | Vaults:3 | Reached XP level 20. HP: 153/176 MP: 31/31
 36805 | Vaults:3 | Identified the +8 long sword of Revolt {freeze, rC+}
 38005 | Vaults:4 | Paralysed by a sphinx for 2 turns
 38058 | Vaults:4 | Identified the ring of Nacsip {rPois Will+ rCorr Int+3}
 39224 | Slime:1  | Entered Level 1 of the Pits of Slime
 39675 | Slime:3  | Gained mutation: Your magical capacity is low. (-10% MP) [a
                  | shining eye]
 39679 | Slime:3  | Gained mutation: You are clumsy. (Dex -2) [a shining eye]
 40214 | Slime:4  | Gained mutation: Your magical capacity is very low. (-20%
                  | MP) [a shining eye]
 40484 | Slime:5  | Entered Level 5 of the Pits of Slime
 40587 | Slime:5  | Gained mutation: You occasionally lose the ability to read
                  | scrolls when taking damage. [a shining eye]
 40590 | Slime:5  | Gained mutation: You are very clumsy. (Dex -4) [a shining
                  | eye]
 40594 | Slime:5  | Lost mutation: You are very clumsy. (Dex -4) [potion of
                  | mutation]
 40594 | Slime:5  | Lost mutation: Your magical capacity is very low. (-20% MP)
                  | [potion of mutation]
 40594 | Slime:5  | Gained mutation: You have hidden genetic potential. [potion
                  | of mutation]
 40595 | Slime:5  | Lost mutation: You are clumsy. (Dex -2) [potion of
                  | mutation]
 40595 | Slime:5  | Lost mutation: You occasionally lose the ability to read
                  | scrolls when taking damage. [potion of mutation]
 40595 | Slime:5  | Lost mutation: You have hidden genetic potential. [potion
                  | of mutation]
 40595 | Slime:5  | Gained mutation: Your flesh is cold resistant. (rC+)
                  | [potion of mutation]
 40608 | Slime:5  | Noticed the Royal Jelly
 40630 | Slime:5  | Reached XP level 21. HP: 201/201 MP: 29/29
 40640 | Slime:5  | Killed the Royal Jelly
 40849 | Slime:5  | Identified the +4 hand axe of Mourning {spect, rC+ Str-3
                  | Dex+3}
 40871 | Slime:5  | Identified the ring "Vumpasch" {rCorr SInv Stlth+}
 40894 | Slime:5  | Identified the +1 ice dragon scales of Charity {rElec rPois
                  | rF- rC++ Str+5 Dex-4}
 40897 | Slime:5  | Got a slimy rune of Zot
 40898 | Slime:5  | Identified the staff of Gozag's Anger {rPois rN+ Necro}
 40906 | Slime:5  | Identified the +10 dagger of the Valley of Death {freeze,
                  | Contam rElec rN+ rCorr}
 40919 | Slime:5  | Identified the +5 war axe of Reason {freeze, rElec Stlth+}
 40928 | Slime:5  | Identified the +0 broad axe of Fenit {heavy, rN+}
 40933 | Slime:5  | Identified the +6 morningstar "Myfrunn" {heavy, rF- rN+
                  | Will++}
 41206 | Depths:1 | Entered Level 1 of the Depths
 41253 | Depths:1 | Found a one-way gateway to a ziggurat.
 41531 | Depths:1 | Found a gateway to Hell.
 41549 | Depths:1 | Found a glowing silver altar of Zin.
 41549 | Depths:1 | Found a white marble altar of Elyvilon.
 41549 | Depths:1 | Found a glowing golden altar of the Shining One.
 41643 | Depths:1 | Found Nurac's Weapon Emporium.
 41781 | Depths:1 | Found a white marble altar of Elyvilon.
 42134 | Depths:2 | Identified the +9 long sword of Jastriu {protect, Int+3}
 42550 | Depths:2 | Noticed a golden dragon
 42561 | Depths:2 | Killed a golden dragon
 42646 | Depths:2 | Found Ocuhieji's Distillery.
 42669 | Depths:2 | Bought a potion of heal wounds for 95 gold pieces
 42669 | Depths:2 | Bought a potion of haste for 190 gold pieces
 42669 | Depths:2 | Bought 2 potions of might for 152 gold pieces
 42669 | Depths:2 | Bought a potion of cancellation for 152 gold pieces
 42669 | Depths:2 | Bought a potion of lignification for 57 gold pieces
 42669 | Depths:2 | Bought a potion of lignification for 57 gold pieces
 42711 | Depths:2 | Found a one-way gate leading to the halls of Pandemonium.
 43830 | Depths:3 | Identified the +4 plate armour of Purpose {rN+}
 43945 | Depths:3 | Found Xarorph's General Store.
 43945 | Depths:3 | Found Ythraria's Magic Scroll Shop.
 43960 | Depths:3 | Bought a scroll of brand weapon for 104 gold pieces
 43960 | Depths:3 | Bought a scroll of fear for 44 gold pieces
 43960 | Depths:3 | Bought a scroll of blinking for 82 gold pieces
 43960 | Depths:3 | Bought a scroll of fog for 44 gold pieces
 43960 | Depths:3 | Bought 3 scrolls of teleportation for 99 gold pieces
 43960 | Depths:3 | Bought a scroll of teleportation for 33 gold pieces
 43960 | Depths:3 | Bought a scroll of teleportation for 33 gold pieces
 43966 | Depths:3 | Bought a potion of curing for 57 gold pieces
 43966 | Depths:3 | Bought a +2 vampiric short sword for 399 gold pieces
 43966 | Depths:3 | Bought a scroll of brand weapon for 180 gold pieces
 44455 | Depths:2 | Found the +7 lajatang of Order {silver, rMut}
 44510 | Depths:4 | Entered Level 4 of the Depths
 44587 | Depths:4 | Found a magical portal.
 44592 | WizLab   | Entered Lehudib's Moon Base
 44733 | WizLab   | Reached XP level 22. HP: 213/213 MP: 30/30
 44906 | WizLab   | Identified the +2 dire flail "Imasoheum" {elec, Str+3
                  | Int+3}
 45109 | WizLab   | Found a transporter.
 45231 | WizLab   | Found a transporter.
 45619 | WizLab   | Identified the ring of Zyecsupo {Int+3 Slay+4}
 45762 | WizLab   | Identified the ring "Hoqerypt" {Fire rElec Dex+2}
 45765 | WizLab   | Identified the ring "Qubo" {rPois Dex+6}
 45817 | WizLab   | Got Lehudib's Secrets of Unstable Metal
 46022 | Depths:4 | Noticed Eluimmog's ghost (journeyman MiBe)
 46023 | Depths:4 | Noticed a dread lich
 46123 | Depths:4 | Found a shadowy altar of Dithmenos.
 46241 | Depths:4 | Found a gate to the Realm of Zot.
 46350 | Depths:4 | Found a runed translucent door.
 46360 | Depths:4 | Noticed a caustic shrike
 46362 | Depths:4 | Identified the ring of Pireus {Fire rPois Will++ Dex-2
                  | SInv}
 46367 | Depths:4 | Found a runed translucent door.
 46675 | Depths:4 | Killed a dread lich
 46726 | Depths:4 | Killed a caustic shrike
 46749 | Depths:4 | Killed Eluimmog's ghost
 46832 | Zot:1    | Entered Level 1 of the Realm of Zot
 47130 | Zot:1    | Identified the ring "Yfyunong" {Ice Int+2}
 47130 | Zot:1    | Noticed Josephina
 47150 | Zot:1    | Killed Josephina
 47488 | Zot:1    | Noticed an orb of fire
 47492 | Zot:1    | Noticed a curse toe
 47498 | Zot:1    | Killed a curse toe
 47506 | Zot:1    | Killed an orb of fire
 47897 | Zot:2    | Noticed a Killer Klown
 47906 | Zot:2    | Noticed a Killer Klown
 47908 | Zot:2    | Killed a Killer Klown
 47935 | Zot:2    | Killed a Killer Klown
 48025 | Zot:2    | Reached XP level 23. HP: 220/221 MP: 31/31
 50017 | Zot:3    | Identified the +0 plate armour of the Devil {Rampage rF+
                  | Str-3 Int+2}
 50252 | Zot:3    | Identified the +2 pair of boots of the Swan {MP+9}
 51476 | Zot:4    | Noticed a dread lich
 51490 | Zot:4    | Killed a dread lich
 51518 | Zot:4    | Noticed an ancient lich
 51531 | Zot:4    | Killed an ancient lich
 51581 | Zot:4    | Found the +3 robe of Clouds {*Thunder rCloud rElec}
 51597 | Zot:4    | Noticed a Killer Klown
 51715 | Zot:4    | Killed a Killer Klown
 51716 | Zot:4    | Reached XP level 24. HP: 191/204 MP: 32/32
 52265 | Zot:5    | Entered Level 5 of the Realm of Zot
 52750 | Zot:5    | Noticed a dread lich
 52753 | Zot:5    | Noticed an orb of fire
 52759 | Zot:5    | Noticed an orb of fire
 52763 | Zot:5    | Noticed a dread lich
 52763 | Zot:5    | Noticed a Killer Klown
 52763 | Zot:5    | Noticed a dread lich
 52765 | Zot:5    | Noticed a Killer Klown
 52768 | Zot:5    | Killed a dread lich
 52770 | Zot:5    | Noticed a dread lich
 52772 | Zot:5    | Killed a dread lich
 52772 | Zot:5    | Noticed a Killer Klown
 52776 | Zot:5    | Noticed an orb of fire
 52777 | Zot:5    | Killed a Killer Klown
 52778 | Zot:5    | Gained mutation: You have hidden genetic defects. [an orb
                  | of fire]
 52778 | Zot:5    | Gained mutation: Potions are less effective at restoring
                  | your health. [an orb of fire]
 52778 | Zot:5    | Killed a dread lich
 52779 | Zot:5    | Gained mutation: Your magical capacity is very low. (-20%
                  | MP) [an orb of fire]
 52780 | Zot:5    | Killed an orb of fire
 52787 | Zot:5    | Noticed a Killer Klown
 52789 | Zot:5    | Killed a dread lich
 52789 | Zot:5    | Noticed an ancient lich
 52791 | Zot:5    | Killed an orb of fire
 52792 | Zot:5    | Killed an orb of fire
 52792 | Zot:5    | Killed a Killer Klown
 52792 | Zot:5    | Noticed a Killer Klown
 52794 | Zot:5    | Killed a Killer Klown
 52795 | Zot:5    | Noticed a Killer Klown
 52804 | Zot:5    | Killed a Killer Klown
 52824 | Zot:5    | Gained mutation: Armour fits poorly on your strangely
                  | shaped body. [hidden defects]
 52942 | Zot:4    | Lost mutation: Potions are less effective at restoring your
                  | health. [potion of mutation]
 52942 | Zot:4    | Lost mutation: Your flesh is cold resistant. (rC+) [potion
                  | of mutation]
 52943 | Zot:4    | Lost mutation: Your magical capacity is very low. (-20% MP)
                  | [potion of mutation]
 52943 | Zot:4    | Lost mutation: Your magical capacity is low. (-10% MP)
                  | [potion of mutation]
 52943 | Zot:4    | Lost mutation: Armour fits poorly on your strangely shaped
                  | body. [potion of mutation]
 52943 | Zot:4    | Gained mutation: You have a pair of large horns on your
                  | head. [potion of mutation]
 52944 | Zot:4    | Lost mutation: You have hidden genetic defects. [potion of
                  | mutation]
 52944 | Zot:4    | Lost mutation: You have a pair of large horns on your head.
                  | [potion of mutation]
 52944 | Zot:4    | Gained mutation: Your flesh is heat resistant. (rF+)
                  | [potion of mutation]
 52944 | Zot:4    | Gained mutation: You possess an exceptional clarity of
                  | mind. [potion of mutation]
 52944 | Zot:4    | Gained mutation: You have hidden genetic potential. [potion
                  | of mutation]
 52990 | Zot:5    | Killed a Killer Klown
 53004 | Zot:5    | Killed an ancient lich
 53012 | Zot:5    | Killed a Killer Klown
 53307 | Zot:5    | Noticed an ancient lich
 53324 | Zot:5    | Killed an ancient lich
 53681 | Zot:5    | Got the Orb of Zot
 54117 | Trove    | Entered a treasure trove
 54126 | Trove    | Gained mutation: You are unskilled. (-2 Apt) [Ru sacrifice]
 54187 | Trove    | Got Sif Muna's Commentary on the Different Sixfirhy
 54348 | D:11     | Noticed a seraph
 54563 | D:1      | Noticed Downep the pandemonium lord
 54569 | D:$      | Escaped with the Orb!

Illustrated notes

Levels and vault maps discovered:
D:1:      amcnicky_arrival_single_pillar, layout_basic, minmay_misc_feat_rugged,
          glass_columns_c
D:2:      layout_basic, basic_altar, uniq_terence, uniq_robin, uniq_natasha,
          uniq_jessica
D:3:      layout_basic, overflow_temple_1_default,
          chequers_ecumenical_altar_grove, hex_medium, kennysheep_pointless_box
D:4:      layout_loops_corners, mainiacjoe_overflow_brackets,
          mainiacjoe_overflow_24_doors, moated_statue
D:5:      layout_basic, nicolae_uskayaw_murder_on_the_dancefloor,
          lemuel_round_altar, uniq_eustachio
D:6:      layout_loops_corners, ebering_dispersal_statue_hall
D:7:      layout_basic, minmay_temple_entry_purple_smoke, st_stairs_1
D:8:      layout_cave_pools, nicolae_qazlal_beasts_of_the_sky,
          david_lair_shrubbed, uniq_psyche, uniq_maggie, uniq_joseph
D:9:      layout_loops_ring, amcnicky_altar_gilded,
          mainiacjoe_overflow_tiny_flanked, tso_oasis_becter
D:10:     layout_roguey, nicolae_overflow_crystal_walls,
          mainiacjoe_overflow_swirl, orc_0_dummy, serial_shops,
          nicolae_shop_stone, shop, shop, enter_bailey_5, uniq_fannar,
          uniq_maurice
D:11:     giant_chief_lemuel, layout_cave_pools, minmay_increasing_density
D:12:     layout_roguey
D:13:     layout_loops_ring, erik_vaults_1, nicolae_trove_entry_diagonal,
          serial_shops, shop
D:14:     layout_layer_cave, chequers_jeans
D:15:     gammafunk_depths_entry_grave, layout_irregular_city,
          portal_ice_cave_entry_ice_statue_two, minmay_misc_feat_diagonals
Temple:   nicolae_temple_bog_church
Lair:1:   layout_loops_ring
Lair:2:   layout_small_grid, palyth_hydra_swamp_entry, spider_nest_entry_a,
          hangedman_tree_tricks, serial_bayou_shore_b, grunt_megastairs_5,
          serial_bayou_shore_b
Lair:3:   layout_cave_pods, serial_bayou_shore_b, uniq_snorg, uniq_nessos
Lair:4:   layout_roguey, nicolae_slime_entry_field_trip
Lair:5:   hellmonk_lair_end_abyssal_woods, layout_long_grid,
          chequers_serial_rivers_small_b, minmay_lair_oklob_bushes,
          hangedman_lair_unloving_vines, uniq_sonja
Swamp:1:  layout_falls_marsh, evilmike_swamp_ruin_house_3
Swamp:2:  layout_basic_swamp, evilmike_swamp_ruin_house_6
Swamp:3:  layout_basic_swamp, gammafunk_ghost_necromancy,
          nicolae_swamp_triple_paths
Swamp:4:  swamp_icy, layout_basic_swamp
Spider:1: nicolae_spider_mines_3, ebering_ghost_inner_flame, uniq_donald
Spider:2: nicolae_spider_hilbert_zone_4 [nicolae_spider_hilbert_4_sides_2_open,
          nicolae_spider_hilbert_4_sides_1_open,
          nicolae_spider_hilbert_4_sides_1_open,
          nicolae_spider_hilbert_4_sides_1_open,
          nicolae_spider_hilbert_4_sides_1_open,
          nicolae_spider_hilbert_2_sides_1_open,
          nicolae_spider_hilbert_2_sides_1_open,
          nicolae_spider_hilbert_2_sides_1_open,
          nicolae_spider_hilbert_2_sides_1_open,
          nicolae_spider_hilbert_6_sides_1_open,
          nicolae_spider_hilbert_6_sides_1_open,
          nicolae_spider_hilbert_3_sides_1_open,
          nicolae_spider_hilbert_3_sides_1_open], gammafunk_ghost_mausoleum,
          drop_trap, nicolae_spider_paper_wasps, uniq_arachne
Spider:3: layout_chambers, einodemon_crawler_minivault,
          hangedman_spider_tarantella_strand, uniq_agnes, uniq_mlioglotl
Spider:4: floodkiller_spider_rune_tomb
Slime:1:  layout_caves
Slime:2:  layout_caves
Slime:3:  layout_caves
Slime:4:  layout_caves
Slime:5
Orc:1:    layout_caves, basic_altar, enter_volcano_1
Orc:2:    grunt_orc_community_town_hall, layout_caves,
          grunt_orc_community_big_house_2, grunt_orc_community_big_house_1,
          grunt_orc_community_house_1, grunt_orc_community_house_1,
          grunt_orc_community_house_2, grunt_orc_community_house_3,
          serial_shops, nicolae_shop_gaudy_bauble, shop,
          nicolae_shop_back_alley_shop, nicolae_shop_rolling_square
Elf:1:    layout_geoelf_octagon, gammafunk_ghost_ooze, minmay_elf_sorcery,
          lemuel_statue_altar, hangedman_elf_simple_split,
          einodemon_barbed_minivault
Elf:2:    elven_hall_of_blades_hangedman_original
          [nicolae_blade_entry_diamond_columns], layout_geoelf_octagon
Elf:3:    grunt_elf_hall_branching, layout_loops_corners, guppyfry_elf_castle,
          uniq_bai_suzhen
Vaults:1: nicolae_vaults_puzzle_piece, nicolae_vaults_doubleplus_tesselated,
          dpeg_vaults_pockets_of_resistance, ontoclasm_vaults_twist,
          nicolae_vaults_wine_cellar, hangedman_vaults_trim,
          nicolae_vaults_network_star, hangedman_vaults_restitches,
          nicolae_vaults_apartment_1, ontoclasm_vaults_misaligned,
          nicolae_vaults_apartment_2, layout_vaults_ring, uniq_saint_roka,
          uniq_aizul
Vaults:2: minmay_crypt_entry_simple_sparse, nicolae_vaults_variable_pillar_hall,
          v_rooms_3, vaults_room_stairs_pillars, nicolae_vaults_sesquioval_fish,
          nicolae_vaults_display_case, nicolae_vaults_closet_pinwheel_2,
          v_misc_32, hangedman_vaults_stitches, v_rooms_4,
          nicolae_vaults_two_Ls, vaults_dpeg_ring,
          nicolae_vaults_storage_room_water, layout_vaults_omnicross
Vaults:3: nicolae_vaults_trapezoid_2, v_misc_27,
          nicolae_vaults_frosty_reception, ontoclasm_vaults_loading_screen,
          vaults_dpeg_emergency_exit, vaults_room_octagon,
          grunt_vaults_trifunnel, nicolae_vaults_oozy_zoo,
          nicolae_vaults_network_periphery, grunt_vaults_diagonal,
          nicolae_vaults_offset_grid_hallway_3, hangedman_vaults_nails,
          hangedman_vaults_trim, layout_vaults_maze, uniq_mara
Vaults:4: ontoclasm_vaults_ring_square, nicolae_vaults_octothorpe,
          vaults_mumra_chevron_long, v_misc_33, nicolae_vaults_sealed_display,
          nicolae_vaults_trapezoid_lopsided_1, nicolae_vaults_little_squares_3,
          grunt_vaults_funnel, vaults_mumra_hexcomb, dpeg_vaults_monster_box,
          nicolae_vaults_antechamber_and_loot_room,
          nicolae_vaults_variable_pillar_hall, nicolae_vaults_asterisk,
          nicolae_vaults_more_shelving_1, layout_vaults_big_room
Depths:1: layout_gridlike, enter_ziggurat_a, good_gods_mini_temple, hell_entry,
          grunt_ministairs_2, minmay_misc_feat_pillars, st_stairs_4,
          nicolae_elyvilon_peaceful_grove, minmay_shop_star
Depths:2: minmay_dotted_concentric_squares, layout_honeycomb, hell_entry,
          serial_shops, shop_statue, minmay_hedge_maze, rand_demon_pan_entry_3,
          minmay_staircase_windowed_large, firewood_loft
Depths:3: thingy_vault, layout_gridlike, abyss_entry_glasseish, minivault_14,
          lightli_too_deep, kennysheep_random_hallway, minmay_shoptagon
Depths:4: evilmike_zot_entry_diamond, layout_cave_shapes, hell_entry,
          muffindrake_ghost_dual_entry, nicolae_dithmenos_the_darkroom,
          infiniplex_enter_wizlab_spiral, abyss_entry_crystal
Zot:1:    layout_twisted_circle, uniq_josephina
Zot:2:    layout_onion_interference, hangedman_zot_decor_unnerving_road,
          hangedman_player_shredder
Zot:3:    layout_basic
Zot:4:    hangedman_snap_crack_crunch, layout_concentric_octagons
Zot:5:    layout_basic

Skill      XL: |  1  2  3  4  5  6  7  8  9 10 11 12 13 14 15 16 17 18 19 20 21 22 23 24 |
---------------+-------------------------------------------------------------------------+-----
Armour         | 1 2 3 4 6 9 10 10 12 13 14 15 16 17 18 19 20 22 23 22 | 22.4
Fighting       | 4 5 6 7 9 11 11 12 13 14 15 16 17 18 19 20 21 22 23 22 | 22.5
Invocations    | 1 2 3 6 7 8 9 10 11 12 13 14 15 16 17 18 19 19 | 19.2
Axes           | 4 5 6 7 9 11 11 12 13 14 15 16 17 18 19 20 21 22 23 22 | 22.6
Dodging        | 4 5 6 9 10 10 11 12 13 14 15 16 17 18 19 17 | 17.7
Evocations     | 3 0 |  0.0

Action                     |  1- 3 |  4- 6 |  7- 9 | 10-12 | 13-15 | 16-18 | 19-21 | 22-24 || total
---------------------------+-------+-------+-------+-------+-------+-------+-------+-------++-------
  Melee: Hand axe          |    59 |    99 |   489 |     1 |       |       |       |       ||   648
         Headbutt          |    14 |    29 |   139 |   167 |   314 |   461 |   528 |   587 ||  2239
         Unarmed           |       |       |    24 |       |       |       |       |     5 ||    29
         Broad axe         |       |       |       |   502 |  1113 |  1508 |  1406 |  1497 ||  6026
 Invoke: Draw Out Power    |       |       |     2 |     4 |     2 |     2 |     3 |     4 ||    17
         Sacrifice Love    |       |       |     1 |       |       |       |       |       ||     1
         Sacrifice Experie |       |       |     1 |       |       |       |       |       ||     1
         Sacrifice Arcana  |       |       |       |     1 |       |       |       |       ||     1
         Sacrifice Skill   |       |       |       |     1 |       |       |       |     1 ||     2
         Apocalypse        |       |       |       |     1 |     7 |     8 |     5 |     6 ||    27
         Sacrifice Artific |       |       |       |       |     1 |       |       |       ||     1
         Power Leap        |       |       |       |       |       |     4 |     1 |     2 ||     7
  Evoke: Wand              |       |       |     6 |       |     1 |       |       |       ||     7
         Tin of tremorston |       |       |       |       |     1 |       |       |       ||     1
    Use: Scroll            |       |       |     9 |    14 |     5 |     7 |    18 |     7 ||    60
         Potion            |       |       |     2 |     1 |     6 |     8 |     4 |    20 ||    41
   Stab: Invisible         |       |       |     2 |     5 |     5 |    25 |    20 |    13 ||    70
         Paralysed         |       |       |       |     3 |    24 |    26 |    16 |    20 ||    89
         Distracted        |       |       |       |       |     1 |     7 |     3 |     8 ||    19
 Armour: Robe              |    13 |       |       |       |       |       |       |       ||    13
         Chain mail        |       |    24 |   213 |       |   171 |   834 |   390 |       ||  1632
         Skin              |       |       |    18 |       |       |       |       |       ||    18
         Acid dragon scale |       |       |       |   162 |   212 |       |       |       ||   374
         Plate armour      |       |       |       |       |   189 |       |       |       ||   189
         Swamp dragon scal |       |       |       |       |       |   103 |    86 |       ||   189
         Gold dragon scale |       |       |       |       |       |       |   131 |   939 ||  1070
  Dodge: Dodged            |    34 |    46 |   303 |   386 |   736 |   922 |   687 |   546 ||  3660

Table legend: (Time is in decaauts)
 A = Elapsed time spent in this place.
 B = Non-inter-level travel time spent in this place.
 C = Inter-level travel time spent in this place.
 D = Time resting spent in this place.
 E = Time spent auto-exploring this place.
 F = Levels seen in this place.
 G = Mean time per level.
                   A        B        C        D        E       F      G
               +--------+--------+--------+--------+--------+-----+--------+
         Total |  53270 |  48954 |   4316 |   3131 |  33928 |  57 |  934.6 |
       Dungeon |  14893 |  13246 |   1647 |    497 |  10216 |  15 |  992.9 |
        Temple |      1 |      1 |      0 |      0 |      0 |   1 |    1.0 |
          Lair |   5943 |   5296 |    647 |    405 |   3914 |   5 | 1188.6 |
         Swamp |   2558 |   2422 |    136 |    258 |   1569 |   4 |  639.5 |
   Spider Nest |   4609 |   4098 |    511 |    267 |   2557 |   4 | 1152.2 |
    Slime Pits |   1711 |   1584 |    127 |     88 |   1125 |   5 |  342.2 |
  Orcish Mines |   1255 |   1180 |     75 |     24 |    877 |   2 |  627.5 |
   Elven Halls |   4005 |   3769 |    236 |    452 |   2117 |   3 | 1335.0 |
        Vaults |   4927 |   4620 |    307 |    186 |   3291 |   4 | 1231.8 |
        Depths |   4284 |   3932 |    352 |    132 |   2927 |   4 | 1071.0 |
           Zot |   6642 |   6367 |    275 |    639 |   4174 |   5 | 1328.4 |
         Abyss |    369 |    369 |      0 |     23 |    169 |   1 |  369.0 |
         Trove |     94 |     94 |      0 |      0 |     41 |   1 |   94.0 |
        Bailey |    327 |    327 |      0 |      0 |    155 |   1 |  327.0 |
       Volcano |    447 |    447 |      0 |    136 |    162 |   1 |  447.0 |
        Wizlab |   1199 |   1199 |      0 |     23 |    633 |   1 | 1199.0 |
               +--------+--------+--------+--------+--------+-----+--------+

Top non-repeatable levels by time:
  Lair:2: 1693 daAuts
   Elf:3: 1683 daAuts
   Zot:2: 1550 daAuts
  Lair:5: 1533 daAuts
   Zot:4: 1521 daAuts
   Zot:3: 1517 daAuts
    D:11: 1488 daAuts
Spider:3: 1414 daAuts
    D:14: 1369 daAuts
Spider:4: 1321 daAuts
Vaults:2: 1287 daAuts
Depths:3: 1284 daAuts
Vaults:3: 1243 daAuts
Vaults:1: 1243 daAuts
Spider:2: 1224 daAuts
